 Dungeon Crawl Stone Soup version 0.30-a0-358-g0d69a1922f (webtiles) character file.

Game seed: 3627239065089361104

599 Bnni the Poker (level 7, 0/57 HPs)
             Began as a Formicid Fighter on Nov 10, 2022.
             Slain by a hornet (11 damage)
             ... on level 3 of the Dungeon.
             The game lasted 00:06:02 (3209 turns).

Bnni the Poker (Formicid Fighter)                   Turns: 3209, Time: 00:06:02

Health: 0/57       AC: 10    Str: 23    XL:     7   Next: 68%
Magic:  7/7        EV:  7    Int:  7    God:
Gold:   226        SH:  5    Dex: 13    Spells: 6/6 levels left

rFire   . . .      SeeInvis +    a - +0 trident
rCold   . . .      Faith    .    c - +0 buckler
rNeg    . . .      Spirit   .    q - +0 chain mail
rPois   .          Reflect  .    (helmet unavailable)
rElec   .          Harm     .    n - +0 cloak
rCorr   .          Rampage  .    (no gloves)
Will    .....                    (no boots)
Stlth   ..........               h - amulet of magic regeneration
HPRegen 0.29/turn                (no ring)
MPRegen 0.50/turn                (no ring)

@: no status effects
A: permanent stasis, dig shafts and tunnels, antennae 3, four strong arms
a: Dig, Shaft Self


You were on level 3 of the Dungeon.
You visited 1 branch of the dungeon, and saw 4 of its levels.
You also visited: Sewer.

You collected 226 gold pieces.

Inventory:

Hand Weapons
 a - a +0 trident (weapon)
Missiles
 k - 5 poisoned darts
Armour
 c - a +0 buckler (worn)
 n - a +0 cloak (worn)
 q - a +0 chain mail (worn)
Jewellery
 h - an amulet of magic regeneration (around neck)
 s - a ring of ice
Wands
 r - a wand of paralysis (4)
Scrolls
 b - a scroll of fear {unknown}
 e - 2 scrolls of vulnerability
 f - 2 scrolls of identify {unknown}
 m - a scroll of amnesia {unknown}
 o - a scroll of acquirement {unknown}
 p - a scroll of immolation {unknown}
 t - 2 scrolls of poison {unknown}
 u - 3 scrolls of teleportation {unknown}
 v - a scroll of enchant weapon {unknown}
Potions
 g - a potion of brilliance {unknown}
 i - a potion of curing
 j - a potion of magic {unknown}
 l - a potion of haste {unknown}


   Skills:
 + Level 5.7 Fighting
 * Level 6.3 Polearms
 - Level 3.2 Armour
 - Level 5.0 Shields


You had 6 spell levels left.
You didn't know any spells.
Your spell library contained the following spells:

 Spells                   Type           Power      Damage    Failure   Level
 Cigotuvi's Dreadful Rot  Necr/Pois/Air  0%         N/A       100%        2
 Poisonous Vapours        Pois/Air       0%         N/A       100%        2
 Mephitic Cloud           Conj/Pois/Air  0%         N/A       100%        3
 Dispel Undead            Necr           0%         3d6       100%        4
 Death Channel            Necr           0%         N/A       100%        6


Dungeon Overview and Level Annotations

Branches:
Dungeon (4/15)              Sewer (visited)
 Temple: D:4-7

Altars:
Fedhas

Shops:
D:3 (=


Innate Abilities, Weirdness & Mutations

You cannot be hasted, slowed, berserked, paralysed or teleported.
You can dig through walls and to a lower floor.
You have a pair of large antennae on your head. (SInv)
Your four strong arms can wield two-handed weapons with a shield.


Message History

The hornet barely misses you.
You hit the hornet.
The hornet is moderately wounded.
The hornet stings you!
You are poisoned.
Your stasis prevents you from being slowed.
The hornet barely misses you.
You hit the hornet but do no damage.
The hornet is moderately wounded.
You feel very sick. The hornet stings you.
Your stasis prevents you from being slowed.
You are too injured to fight recklessly!
You hit the hornet but do no damage.
The hornet is moderately wounded.
You feel sick. The hornet barely misses you. You block the hornet's attack.
You puncture the hornet!
The hornet is heavily wounded.
You feel sick.
The hornet stings you but does no damage.
You miss the hornet.
The hornet is heavily wounded.
You feel sick. The hornet stings you!
* * * LOW HITPOINT WARNING * * *
Your stasis prevents you from being slowed.
The hornet stings you.
* * * LOW HITPOINT WARNING * * *
Your stasis prevents you from being paralysed.
You feel better. The hornet stings you!
* * * LOW HITPOINT WARNING * * *
Your stasis prevents you from being slowed.
You hit the hornet but do no damage.
The hornet is heavily wounded.
You block the hornet's attack. The hornet stings you!
* * * LOW HITPOINT WARNING * * *
You are lethally poisoned!
Your stasis prevents you from being paralysed.
Unknown command.
You feel better. The hornet stings you!
You die...

#.##.###.#.#...#...............
###.##.###.#.###.####............
#......[....)....# #.#..........
######.###.#.###.# ##.#..........
#.# #.#.....# #..#(......... #†#
#.#.....###.##.......... #.#
#.#.....##..##...####### #.#
#.#.....#..###...####
#.###.#....@............#
#.....##..y.######...##.# ##
########....######...##<###.
#.......................<
#.######.##############..
#.######.................
#.........)...#######....
########..........# #....
##......##.# #....


You could see a hornet.

Vanquished Creatures
  An oklob plant (D:3)
  A water moccasin (Sewer)
  An iguana (D:3)
  2 adders (D:2)
  5 worms (D:3)
  3 dart slugs (D:2)
  An orc (D:3)
  5 endoplasms
  3 giant cockroaches
  3 goblins
  4 hobgoblins
  3 jackals (D:1)
  6 kobolds
  5 quokkas
  4 ball pythons
  9 bats
  5 frilled lizards
  2 rats
  A toadstool (D:3)
64 creatures vanquished.

Vanquished Creatures (others)
  3 fungi (D:3)
  A plant (D:3)
  11 toadstools (D:3)
15 creatures vanquished.

Grand Total: 79 creatures vanquished

Notes
Turn   | Place    | Note
-------+----------+-------------------------------------------
     0 | D:1      | Bnni the Formicid Fighter began the quest for the Orb.
     0 | D:1      | Reached XP level 1. HP: 18/18 MP: 1/1
    73 | D:1      | Reached XP level 2. HP: 16/24 MP: 2/2
   548 | D:1      | Reached XP level 3. HP: 29/29 MP: 3/3
   597 | D:1      | Found a faded altar of an unknown god.
  1100 | D:2      | Reached skill level 3 in Polearms
  1185 | D:2      | Reached XP level 4. HP: 37/37 MP: 4/4
  1397 | D:2      | Reached skill level 5 in Shields
  1772 | D:3      | Found a blossoming altar of Fedhas.
  1785 | D:3      | Noticed an oklob plant
  1972 | D:3      | Reached XP level 5. HP: 30/42 MP: 5/5
  2095 | D:3      | Found a glowing drain.
  2112 | Sewer    | Entered a sewer
  2138 | Sewer    | Noticed a water moccasin
  2152 | Sewer    | Killed a water moccasin
  2153 | Sewer    | Reached skill level 4 in Polearms
  2153 | Sewer    | Reached XP level 6. HP: 17/49 MP: 6/6
  2497 | D:3      | Found Valeopp's Antique Weapon Shop.
  2503 | D:3      | Found Vuuxt's Jewellery Boutique.
  2997 | D:3      | Killed an oklob plant
  2998 | D:3      | Reached skill level 5 in Fighting
  2998 | D:3      | Reached skill level 6 in Polearms
  2998 | D:3      | Reached XP level 7. HP: 20/57 MP: 7/7
  3193 | D:4      | Noticed a hornet
  3209 | D:3      | Slain by a hornet

Illustrated notes

Levels and vault maps discovered:
D:1:      reono_arrival_forest_river, layout_loops_ring,
          dreamdust_ecumenical_altar_angels_and_demons,
          chequers_serial_rivers_marsh
D:2:      layout_basic, minmay_tetromino_l4
D:3:      layout_basic, tgw_fedhas, serial_shops, shop, nicolae_shop_stone,
          cheibrodos_sewer_entry_bend
D:4:      layout_cave_pools, hangedman_ru_absence, minmay_misc_feat_more_columns

Skill      XL: |  1  2  3  4  5  6 |
---------------+-------------------+-----
Polearms       | 3 4 6 |  6.3
Shields        | 5 |  5.0
Fighting       | 4 5 |  5.7
Armour         | |  3.2

Action                   |  1- 3 |  4- 6 |  7- 9 || total
-------------------------+-------+-------+-------++-------
Melee: Trident           |   121 |   124 |     8 ||   253
Throw: Dart              |       |     6 |       ||     6
Evoke: Wand              |       |     4 |       ||     4
  Use: Scroll            |       |     1 |       ||     1
       Potion            |       |     3 |     2 ||     5
 Stab: Paralysed         |       |    13 |       ||    13
Armor: Scale mail        |    38 |     6 |       ||    44
       Chain mail        |       |    27 |     2 ||    29
Dodge: Dodged            |    58 |    27 |     3 ||    88
Block: Buckler           |    15 |     9 |     3 ||    27

Table legend: (Time is in decaauts)
 A = Elapsed time spent in this place.
 B = Non-inter-level travel time spent in this place.
 C = Inter-level travel time spent in this place.
 D = Time resting spent in this place.
 E = Time spent auto-exploring this place.
 F = Levels seen in this place.
 G = Mean time per level.
                   A        B        C        D        E       F      G
               +--------+--------+--------+--------+--------+-----+--------+
         Total |   3287 |   3035 |    252 |    171 |   2198 |   5 |  657.4 |
       Dungeon |   3089 |   2837 |    252 |    112 |   2094 |   4 |  772.2 |
         Sewer |    197 |    197 |      0 |     59 |    104 |   1 |  197.0 |
               +--------+--------+--------+--------+--------+-----+--------+

Top non-repeatable levels by time:
     D:3: 1312 daAuts
     D:2: 890 daAuts
     D:1: 881 daAuts
   Sewer: 197 daAuts
     D:4: 5 daAuts
